 Dungeon Crawl Stone Soup version 0.31-a0-702-gf82c85558f (webtiles) character file.

Game seed: 15054081599082000889

245 qw the Shooter (level 6, 0/37 HPs)
             Began as a Gargoyle Hunter on Sept 7, 2023.
             Slain by Duvessa
             ... wielding a +0 short sword
              (14 damage)
             ... on level 4 of the Dungeon.
             The game lasted 00:00:48 (2159 turns).

qw the Shooter (Gargoyle Hunter)                    Turns: 2159, Time: 00:00:48

Health: 0/37       AC: 11    Str: 14    XL:     6   Next: 10%
Magic:  6/6        EV: 11    Int: 10    God:
Gold:   156        SH:  5    Dex: 15    Spells: 5/5 levels left

rFire   . . .        Y - +1 shortbow (chaos)
rCold   . . .        (shield currently unavailable)
rNeg    + . .        i - +0 ring mail
rPois   inf          g - +0 helmet
rElec   +            d - +0 cloak
rCorr   .            (no gloves)
SInv    .            (no boots)
Will    .....        h - amulet of reflection
Stlth   +            (no ring)
HPRegen 0.26/turn    (no ring)
MPRegen 0.10/turn

%: reflection
@: no status effects
A: sickness immunity, AC +4, negative energy resistance 1, electricity
resistance, torment resistance 1, petrification resistance
a: no special abilities


You were on level 4 of the Dungeon.
You visited 1 branch of the dungeon, and saw 4 of its levels.

You collected 156 gold pieces.


Innate Abilities, Weirdness & Mutations

You are immune to sickness and miasma.
Your stone body is resilient. (AC +4)
You are immune to poison.
You resist negative energy. (rN+)
You are resistant to electric shocks. (rElec)
You are resistant to unholy torment.
You are immune to petrification.


   Skills:
 + Level 3.0 Fighting
 - Level 6.7 Ranged Weapons
 - Level 1.4 Armour
 - Level 1.5 Dodging
 - Level 1.1 Stealth


You had 5 spell levels left.
You didn't know any spells.
Your spell library was empty.

Inventory:

Hand Weapons
 Y - a +1 shortbow of chaos (weapon)
Armour
 d - a +0 cloak (worn)
 g - a +0 helmet (worn)
 i - a +0 ring mail (worn)
Jewellery
 h - an amulet of reflection (around neck)
Scrolls
 a - a scroll of identify {unknown}
 c - a scroll of torment {unknown}
Potions
 b - a potion of might
 e - a potion of enlightenment {unknown}
 f - a potion of curing {unknown}

Dungeon Overview and Level Annotations

Branches:
Dungeon (4/15)
 Temple: D:4-7

Altars:

Annotations:
D:4 Duvessa


Message History

The black bear claws you but does no damage.
You block the black bear's attack.
You shoot an arrow. The arrow barely misses the black bear.
The black bear goes berserk!
You shoot an arrow. The arrow hits the black bear.
The black bear is almost dead.
The black bear bites you!
The black bear claws you but does no damage. x2
The black bear bites you but does no damage.
The black bear claws you but does no damage. x2
You shoot an arrow.
The arrow hits the black bear but does no damage.
The black bear is almost dead.
The black bear bites you but does no damage.
The black bear claws you but does no damage.
The black bear barely misses you. The black bear bites you.
The black bear misses you. The black bear closely misses you.
You shoot an arrow. The arrow hits the black bear.
You kill the black bear!
Your Ranged Weapons skill increases to level 6!
You have reached level 6!
You start resting.
HP restored.
Duvessa goes berserk!
You shoot an arrow. The arrow hits Duvessa!
Duvessa suddenly seems more agile.
Duvessa is lightly wounded.
You shoot an arrow. The arrow closely misses Duvessa.
You shoot an arrow. The arrow hits Duvessa.
The arrow freezes Duvessa.
Duvessa is moderately wounded.
You shoot an arrow. The arrow closely misses Duvessa.
Duvessa hits you with a +0 short sword. Duvessa hits you with a +0 short sword!
You shoot an arrow. The arrow hits Duvessa!
Duvessa looks as sick as possible!
Duvessa is heavily wounded.
Duvessa hits you with a +0 short sword! Duvessa hits you but does no damage.
You shoot an arrow. The arrow barely misses Duvessa.
Duvessa closely misses you. Duvessa hits you with a +0 short sword.
You shoot an arrow. The arrow hits Duvessa.
Duvessa is severely wounded.
Duvessa hits you with a +0 short sword!
You die...

...............
................
.................
..................
..................
..................
..........e.......
......<...@.......
.............#####
.............#
.........%...####
########.........
######...#.........
###........#.........
#..........#.........
#........#.........


You could see Duvessa (berserk, agile, extremely poisoned).

Vanquished Creatures
  A black bear (D:4)
  Dowan (D:4)
  A gnoll (D:1)
  5 adders
  2 worms (D:2)
  2 dart slugs
  5 ball pythons
  5 endoplasms
  2 giant cockroaches (D:1)
  2 hobgoblins
  3 jackals (D:1)
  2 quokkas
  4 bats
  4 frilled lizards
  5 goblins
  A kobold (D:1)
  8 rats
53 creatures vanquished.

Notes
Turn   | Place    | Note
-------+----------+-------------------------------------------
     0 | D:1      | qw the Gargoyle Hunter began the quest for the Orb.
     0 | D:1      | Reached XP level 1. HP: 12/12 MP: 1/1
     0 | D:1      | 0 ||| qw: Version: 0.3-a-76-g4403597
     0 | D:1      | 0 ||| qw: Game counter: 774
     0 | D:1      | 0 ||| qw: Melee chars always use a shield: true
     0 | D:1      | 0 ||| qw: God list: Okawaru
     0 | D:1      | 0 ||| qw: Allow faded altars: false
     0 | D:1      | 0 ||| qw: Do Orc after clearing Dungeon:15 true
     0 | D:1      | 0 ||| qw: Do second Lair branch before Depths: true
     0 | D:1      | 0 ||| qw: Lair rune preference: random
     0 | D:1      | 0 ||| qw: Goals: Normal
     0 | D:1      | 0 ||| PLANNING D:1-11
    90 | D:1      | Reached XP level 2. HP: 16/17 MP: 2/2
   348 | D:1      | Reached XP level 3. HP: 21/21 MP: 3/3
   515 | D:1      | Reached skill level 5 in Ranged Weapons
   736 | D:1      | 736 ||| UPGRADING to +0 helmet.
   741 | D:1      | 741 ||| UPGRADING to +0 ring mail.
   751 | D:1      | 751 ||| DROPPING +0 leather armour.
   752 | D:1      | 752 ||| READING 2 scrolls labelled NUIXER EMUU.
   753 | D:1      | 753 ||| READING scroll labelled MUIM KASIGAWO.
   754 | D:1      | 754 ||| READING scroll labelled FOECAQ CIUFI.
   755 | D:1      | 755 ||| READING scroll labelled PITASU PEACEQU.
   756 | D:1      | 756 ||| DROPPING scroll of noise.
   757 | D:1      | 757 ||| DROPPING scroll of butterflies.
   834 | D:2      | Reached skill level 1 in Armour
   931 | D:2      | Reached XP level 4. HP: 27/27 MP: 4/4
  1272 | D:2      | 1272 ||| UPGRADING to +0 cloak.
  1277 | D:2      | 1277 ||| READING scroll labelled LUAPSEATWIN.
  1525 | D:3      | Reached skill level 3 in Fighting
  1958 | D:3      | 1958 ||| UPGRADING to amulet of reflection.
  1963 | D:3      | 1963 ||| READING 3 scrolls labelled FOTREO OCODD.
  1964 | D:3      | 1964 ||| DRINKING 2 golden potions.
  1965 | D:3      | 1965 ||| DRINKING 2 amethyst potions.
  1966 | D:3      | 1966 ||| DROPPING 2 scrolls of fear.
  2030 | D:4      | Noticed Dowan
  2030 | D:4      | Noticed Duvessa
  2031 | D:4      | 2031 ||| RETREATING.
  2035 | D:4      | Noticed a black bear
  2048 | D:4      | HP: 6/28 [Dowan/+0 dagger (4)]
  2049 | D:4      | 2049 ||| DRINKING potion of heal wounds.
  2051 | D:4      | Killed Dowan
  2052 | D:4      | Reached XP level 5. HP: 32/32 MP: 5/5
  2084 | D:4      | Killed a black bear
  2085 | D:4      | Reached skill level 6 in Ranged Weapons
  2085 | D:4      | Reached XP level 6. HP: 20/37 MP: 6/6
  2159 | D:4      | Slain by Duvessa

Levels and vault maps discovered:
D:1:      saegor_arrival_simple_b, layout_basic
D:2:      layout_basic, chequers_hall_statues_y
D:3:      layout_loops_ring
D:4:      layout_basic, uniq_ijyb, uniq_duvessa

Skill      XL: |  1  2  3  4  5 |
---------------+----------------+-----
Ranged Weapons | 5 6 |  6.7
Armour         | 1 |  1.4
Fighting       | 3 |  3.0
Dodging        | |  1.5
Stealth        | |  1.1

Action                     |  1- 3 |  4- 6 || total
---------------------------+-------+-------++-------
   Fire: Shortbow          |   101 |    87 ||   188
    Use: Scroll            |     4 |     2 ||     6
         Potion            |       |     3 ||     3
 Armour: Leather armour    |    26 |       ||    26
         Ring mail         |     2 |    52 ||    54
  Dodge: Dodged            |    24 |    34 ||    58
  Block: Other             |       |     9 ||     9

Table legend:
 A = Non-vault XP
 B = Vault XP
 C = Vault XP percentage of total XP
 D = Non-vault monster count
 E = Vault monster count
 F = Vault count percentage of total count
                 A         B        C        D         E       F
            +---------+---------+-------+---------+---------+-------
      Total |     283 |      67 |  19.1 |      51 |       1 |   1.9
            +---------+---------+-------+---------+---------+-------
        D:1 |      54 |       0 |   0.0 |      27 |       0 |   0.0
        D:2 |      47 |       0 |   0.0 |      12 |       0 |   0.0
        D:3 |      41 |       0 |   0.0 |      10 |       0 |   0.0
        D:4 |     141 |      67 |  32.2 |       2 |       1 |  33.3
            +---------+---------+-------+---------+---------+-------
